 Dungeon Crawl Stone Soup version 0.29.1-15-g9cfb28693d (webtiles) character file.

Game seed: 3598520665469505166

16075 redmage the Thaumaturge (level 13, -8/86 HPs)
             Began as a Meteoran Earth Elementalist on Sept 8, 2023.
             Was a Priest of Sif Muna.
             Mangled by a cane toad (15 damage)
             ... on level 3 of the Lair of Beasts.
             The game lasted 00:52:13 (2771 turns).

redmage the Thaumaturge (MeEE)                      Turns: 2771, Time: 00:52:14

Health: -8/86      AC:  6    Str: 11    XL:     13   Next: 2%
Magic:  12/30      EV: 12    Int: 33    God:    Sif Muna [***...]
Gold:   702        SH:  0    Dex: 21    Spells: 14/36 levels left

rFire   . . .      SeeInvis .   i - +10 spear of Trial by Ordeal {elec, rF- Will++ Dex+6}
rCold   . . .      Faith    .   (no shield)
rNeg    . . .      Spirit   .   C - +1 leather armour {rF+}
rPois   .          Reflect  .   (no helmet)
rElec   .          Harm     .   (no cloak)
rCorr   .          Rampage  .   g - +1 pair of gloves
Will    +++..                   (no boots)
Stlth   +.........              (no amulet)
HPRegen 0.24/turn               k - +6 ring of intelligence
MPRegen 0.22/turn               x - +6 ring of intelligence

@: lethally poisoned (-8 -> -16), very slightly contaminated, glowing
A: sense surroundings 2, otherworldly, glowing, explore regen
a: Renounce Religion, Channel Magic, Forget Spell


You were on level 3 of the Lair of Beasts.
You worshipped Sif Muna.
Sif Muna was most pleased with you.
You visited 3 branches of the dungeon, and saw 14 of its levels.

You collected 702 gold pieces.

Inventory:

Hand Weapons
 e - the +2 lajatang of Awkwardness {chaos, rC+ Str+4}
   (You found it on level 2 of the Lair of Beasts)

   Each time it hits an enemy it has a different, random effect.
   Str:       It affects your strength (+4).
   rC:        It protects you from cold.
 i - the +10 spear of Trial by Ordeal (weapon) {elec, rF- Will++ Dex+6}
   (You found it on level 5 of the Dungeon)

   It occasionally discharges a powerful burst of electricity upon striking a
   foe.
   Dex:       It affects your dexterity (+6).
   rF:        It makes you vulnerable to fire.
   Will:      It greatly increases your willpower.
 z - a +4 scimitar of flaming
 B - a +5 hand axe of freezing
Missiles
 u - 3 silver javelins
 w - 2 throwing nets
Armour
 a - a +3 leather armour
 g - a +1 pair of gloves (worn)
 q - the +3 ring mail of Holuol {rElec Will+}
   (You found it on level 5 of the Dungeon)

   rElec:     It insulates you from electricity.
   Will:      It increases your willpower.
 C - a +1 leather armour of fire resistance (worn)
Jewellery
 k - a +6 ring of intelligence (left hand)
 r - a +4 ring of evasion
 x - a +6 ring of intelligence (right hand)
Wands
 n - a wand of paralysis (7)
Scrolls
 c - a scroll of magic mapping
 h - a scroll of immolation
 o - a scroll of identify
 D - a scroll of enchant weapon
Potions
 b - 2 potions of magic
 d - a potion of lignification
 f - 7 potions of curing
 j - a potion of haste
 l - a potion of might
 m - 2 potions of mutation
 s - a potion of flight
 t - a potion of brilliance
 A - a potion of attraction
 E - a potion of heal wounds


   Skills:
 - Level 4.0 Armour
 - Level 2.4 Dodging
 - Level 1.4 Stealth
 - Level 12.0 Spellcasting
 - Level 6.1 Conjurations
 - Level 11.0 Summonings
 - Level 6.4 Translocations
 - Level 1.2 Transmutations
 + Level 8.7 Ice Magic
 - Level 6.0 Air Magic
 - Level 5.0 Earth Magic
 + Level 8.9 Invocations


You had 14 spell levels left.
You knew the following spells:

 Your Spells              Type           Power      Damage    Failure   Level
a - Sandblast             Erth           100%       2d20      1%          1
b - Passwall              Tmut/Erth      33%        N/A       1%          2
c - Stone Arrow           Conj/Erth      100%       3d13      1%          3
d - Summon Forest         Summ/Tloc      33%        N/A       2%          5
e - Freezing Cloud        Conj/Ice/Air   30%        6-21      4%          5
f - Summon Cactus Giant   Summ           37%        N/A       4%          6

Your spell library contained the following spells:

 Spells                   Type           Power      Damage    Failure   Level
 Foxfire                  Conj/Fire      100%       2x1d9     1%          1
 Magic Dart               Conj           100%       1d8       1%          1
 Call Imp                 Summ           75%        N/A       1%          2
 Mephitic Cloud           Conj/Pois/Air  46%        N/A       1%          3
 Animate Armour           Summ/Erth      100%       N/A       1%          4
 Summon Ice Beast         Ice/Summ       71%        N/A       1%          4
 Conjure Flame            Conj/Fire      40%        6-21      2%          3
 Inner Flame              Hex/Fire       19%        N/A       9%          3
 Flame Wave               Conj/Fire      40%        2d11      9%          4
 Petrify                  Tmut/Erth      40%        N/A       9%          4
 Summon Mana Viper        Hex/Summ       54%        N/A       9%          5
 Fireball                 Conj/Fire      20%        3d10      22%         5
 Monstrous Menagerie      Summ           37%        N/A       26%         7
 Simulacrum               Ice/Necr       24%        N/A       58%         6
 Starburst                Conj/Fire      20%        6d7       77%         6
 Ignition                 Fire           9%         3d5       100%        8
 Lehudib's Crystal Spear  Conj/Erth      27%        10d7      100%        8
 Polar Vortex             Ice            33%        N/A       100%        9


Dungeon Overview and Level Annotations

Branches:
Dungeon (10/15) Zot: 4031  Temple (1/1) D:6 Zot: 579    Lair (3/5) D:8 Zot: 910
 Shoals (0/4) Lair:2       Spider (0/4) Lair:3          Orc (0/2) D:10

Altars:
Elyvilon
Kikubaaqudgha
Okawaru
Sif Muna
Trog
Vehumet
Xom

Annotations:
D:2 Sigmund
D:4 exclusion: statue, Edmund
D:5 Dowan
Lair:2 1 runed translucent door, Tyejeoqa's ghost, novice MiBe


Innate Abilities, Weirdness & Mutations

You passively map the area around you.
You are easily found by Zot.
You glow in the dark.
You regain HP and MP as you explore.


Message History

Unknown command.
Unknown command.
Okay, then.
Unknown command.
Casting: Freezing Cloud (dangerous; 4% risk of failure)
Confirm with . or Enter, or press ? or * to list all spells.
Aiming: Stone Arrow (safe; 1% risk of failure)
Press: ? - help, Shift-Dir - straight line, f - yak
Aim: a yak (freezing vapour, moderately wounded, 87% to hit)
The stone arrow hits the yak!
The yak is severely wounded.
You feel very sick.
The cane toad is engulfed in freezing vapours.
The cane toad stings you!!
The yak is engulfed in freezing vapours. x2
Unknown command.
Casting: Stone Arrow (safe; 1% risk of failure)
Confirm with . or Enter, or press ? or * to list all spells.
Okay, then.
Unknown command.
Casting: Stone Arrow (safe; 1% risk of failure)
Confirm with . or Enter, or press ? or * to list all spells.
Aiming: Stone Arrow (safe; 1% risk of failure)
Press: ? - help, Shift-Dir - straight line, f - cane toad, p - yak
Aim: a cane toad (freezing vapour, heavily wounded, 81% to hit)
The stone arrow hits the cane toad!
The cane toad is severely wounded.
You feel sick.
The cane toad is engulfed in freezing vapours.
The cane toad stings you!!
* * * LOW HITPOINT WARNING * * *
The yak is engulfed in freezing vapours.
You kill the yak!
Sif Muna accepts your kill.
The yak is engulfed in freezing vapours.
You kill the yak!
Sif Muna accepts your kill.
The cane toad is engulfed in freezing vapours.
The cane toad stings you!
You die...

............ ♣.###♣### *
.......§§..####......♣#
.......§§.......≈~.....
*
.......○§...P.PP~††.#.#
..................~..♣#
*......†....##....♣....#
###P..#'#######......##
#P.#..# #......# ##*#@##
##.♣.### *#§F#, #>.#.# *
§Y§.. * #....# *,
.§§§...# #.....#
........#,* ......#
....)....+ ......#
##........# , #.....##
#........#* #.....## *,
, , * , , ,


You could see a yak and a cane toad.

Vanquished Creatures
  A hydra (Lair:3)
  Erica (D:9)
  A two-headed ogre (D:9)
  A bog body (Lair:2)
  A manticore (Lair:2)
  2 elephants
  A black mamba (Lair:2)
  An ice statue (Lair:2)
  4 cane toads
  4 rime drakes
  An ice devil (Lair:2)
  A meliai (Lair:3)
  A wind drake (Lair:2)
  Prince Ribbit (Lair:2)
  A blink frog (Lair:2)
  A dream sheep (Lair:2)
  3 yaks
  2 wyverns
  A basilisk (D:8)
  A steam dragon (Lair:3)
  An acid dragon (D:9)
  Duvessa (D:5)
  9 water moccasins
  2 black bears
  6 wolves
  A centaur (D:6)
  A necrophage (D:5)
  5 bullfrogs
  A gnoll sergeant (D:8)
  9 wights
  13 killer bees
  2 howler monkeys (D:7)
  A jelly (D:6)
  2 orc priests (D:8)
  2 hounds
  Ijyb (D:5)
  2 gnoll boudas
  Terence (D:3)
  2 iguanas
  An orc wizard (D:8)
  A spriggan simulacrum (Lair:2)
  13 gnolls
  7 adders
  A naga simulacrum (Lair:2)
  A white imp (D:8)
  2 ufetubi
  A dart slug (D:2)
  8 orcs
  4 endoplasms
  A giant cockroach (D:1)
  4 goblins
  5 hobgoblins
  6 kobolds
  4 quokkas
  3 ball pythons
  2 bats (D:2)
  A frilled lizard (D:3)
  2 rats
  A snaplasher vine (Lair:2)
160 creatures vanquished.

Vanquished Creatures (collateral kills)
  2 death yaks (Lair:2)
  4 elephants (Lair:2)
  2 komodo dragons (Lair:2)
  2 polar bears
  A yak (Lair:2)
  A death yak simulacrum (Lair:2)
  3 wolves
  A troll simulacrum (Lair:2)
  A polar bear simulacrum (Lair:2)
17 creatures vanquished.

Vanquished Creatures (others)
  6 fungi (Lair:2)
  17 plants
  7 snaplasher vines (Lair:2)
30 creatures vanquished.

Grand Total: 207 creatures vanquished

Notes
Turn   | Place    | Note
-------+----------+-------------------------------------------
     0 | D:1      | redmage the Meteoran Earth Elementalist began the quest for
                  | the Orb.
     0 | D:1      | Reached XP level 1. HP: 14/14 MP: 5/5
    64 | D:3      | Reached skill level 3 in Spellcasting
    64 | D:3      | Reached XP level 2. HP: 20/20 MP: 4/7
    76 | D:3      | HP: 1/20 [poisoned by an adder]
   108 | D:2      | Reached XP level 3. HP: 10/26 MP: 2/8
   130 | D:2      | Reached XP level 4. HP: 10/33 MP: 3/10
   172 | D:2      | Learned a level 2 spell: Passwall
   176 | D:2      | Learned a level 3 spell: Stone Arrow
   204 | D:2      | Reached skill level 4 in Spellcasting
   254 | D:2      | Noticed Sigmund
   466 | D:3      | Noticed Terence
   475 | D:3      | Killed Terence
   476 | D:3      | Reached skill level 1 in Conjurations
   476 | D:3      | Reached skill level 5 in Earth Magic
   476 | D:3      | Reached XP level 5. HP: 38/38 MP: 2/12
   523 | D:5      | Entered Level 5 of the Dungeon
   530 | D:5      | Identified the +10 spear of Trial by Ordeal {elec, rF-
                  | Will++ Dex+6}
   578 | D:4      | Reached XP level 6. HP: 44/45 MP: 7/14
   600 | D:4      | Learned a level 5 spell: Freezing Cloud
   612 | D:4      | Noticed Edmund
   673 | D:5      | Reached skill level 5 in Spellcasting
   709 | D:4      | Reached skill level 1 in Air Magic
   750 | D:4      | Found a radiant altar of Vehumet.
   753 | D:4      | Reached skill level 1 in Ice Magic
   776 | D:4      | Reached XP level 7. HP: 17/50 MP: 0/15
   877 | D:5      | Noticed Duvessa
   884 | D:5      | Killed Duvessa
   884 | D:5      | Noticed Dowan
   907 | D:5      | Noticed Ijyb
   911 | D:5      | Killed Ijyb
  1035 | D:5      | Reached skill level 5 in Conjurations
  1046 | D:5      | Identified the +3 ring mail of Holuol {rElec Will+}
  1138 | D:6      | Reached XP level 8. HP: 57/57 MP: 13/17
  1148 | D:6      | Found a staircase to the Ecumenical Temple.
  1153 | Temple   | Entered the Ecumenical Temple
  1164 | Temple   | Became a worshipper of Sif Muna the Loreminder
  1257 | D:7      | Reached skill level 6 in Spellcasting
  1374 | D:9      | Learned a level 5 spell: Summon Forest
  1390 | D:9      | Reached skill level 1 in Invocations
  1438 | D:9      | Gained mutation: You passively map the area around you.
                  | [Meteoran growth]
  1438 | D:9      | Reached XP level 9. HP: 62/62 MP: 13/19
  1483 | D:9      | Reached skill level 5 in Ice Magic
  1503 | D:9      | Noticed a two-headed ogre
  1510 | D:9      | Killed a two-headed ogre
  1511 | D:9      | Reached skill level 7 in Spellcasting
  1511 | D:9      | Reached skill level 5 in Air Magic
  1511 | D:9      | Noticed Erica
  1545 | D:9      | Killed Erica
  1546 | D:9      | Reached skill level 8 in Spellcasting
  1546 | D:9      | Reached skill level 5 in Invocations
  1546 | D:9      | Reached XP level 10. HP: 45/69 MP: 7/23
  1578 | D:10     | Entered Level 10 of the Dungeon
  1661 | D:8      | Noticed an elephant
  1750 | D:8      | Killed an elephant
  1751 | D:8      | Reached skill level 9 in Spellcasting
  1751 | D:8      | Reached skill level 1 in Summonings
  1751 | D:8      | Reached skill level 1 in Translocations
  1755 | D:8      | Found a staircase to the Lair.
  1764 | D:8      | Reached * piety under Sif Muna
  1923 | Lair:1   | Entered Level 1 of the Lair of Beasts
  1923 | Lair:1   | Noticed a cane toad
  1926 | Lair:1   | Killed a cane toad
  1926 | Lair:1   | Noticed a cane toad
  1927 | Lair:1   | Reached skill level 1 in Armour
  1934 | Lair:1   | Reached XP level 11. HP: 74/74 MP: 10/25
  2012 | Lair:2   | Noticed Prince Ribbit
  2017 | Lair:2   | Killed Prince Ribbit
  2026 | Lair:2   | Reached ** piety under Sif Muna
  2027 | Lair:2   | Reached skill level 10 in Spellcasting
  2033 | Lair:2   | Found a staircase to the Shoals.
  2033 | Lair:2   | Noticed a manticore
  2040 | Lair:2   | Killed a manticore
  2041 | Lair:2   | Reached skill level 5 in Translocations
  2044 | Lair:2   | Reached skill level 5 in Summonings
  2102 | Lair:3   | Noticed a four-headed hydra
  2108 | Lair:3   | Killed a four-headed hydra
  2221 | Lair:2   | Learned a level 6 spell: Summon Cactus Giant
  2230 | Lair:2   | Found a runed translucent door.
  2232 | Lair:2   | Found a shimmering altar of Xom.
  2232 | Lair:2   | Noticed Tyejeoqa's ghost (novice MiBe)
  2234 | Lair:2   | Noticed a +3 great sword of chaos
  2275 | Lair:2   | Reached skill level 11 in Spellcasting
  2294 | Lair:2   | Reached XP level 12. HP: 69/81 MP: 17/28
  2388 | Lair:2   | Noticed a bog body
  2394 | Lair:2   | Killed a bog body
  2395 | Lair:2   | Noticed a death yak
  2414 | Lair:2   | Noticed a death yak
  2424 | Lair:2   | Killed a death yak
  2425 | Lair:2   | Killed a death yak
  2426 | Lair:2   | Reached skill level 10 in Summonings
  2457 | Lair:2   | Identified the +0 plate armour of Hysteria {rC+ rN+ Will+}
  2461 | Lair:2   | Identified the +2 lajatang of Awkwardness {chaos, rC+
                  | Str+4}
  2542 | Lair:2   | Reached *** piety under Sif Muna
  2655 | Lair:3   | Reached skill level 12 in Spellcasting
  2673 | Lair:3   | Found a hole to the Spider Nest.
  2764 | Lair:3   | Reached XP level 13. HP: 69/86 MP: 16/30
  2771 | Lair:3   | Mangled by a cane toad

Illustrated notes

Levels and vault maps discovered:
D:1:      roderic_octagonal_star, layout_loops_ring,
          corexii_item_surrounded_by_moat, minmay_door_square,
          minmay_strange_pillars, minivault_14
D:2:      layout_loops_ring, serial_forest, infiniplex_forest_end_double,
          infiniplex_forest_clump_long, infiniplex_forest_pool,
          infiniplex_forest_clump_tiny, infiniplex_forest_corner_2,
          infiniplex_forest_end_1, infiniplex_forest_split,
          infiniplex_forest_lined_3, infiniplex_forest_clump_tiny, uniq_sigmund,
          uniq_crazy_yiuf_cottage
D:3:      layout_basic, gammafunk_temple_overflow_statue, amcnicky_altar_gilded,
          wad_floor_pattern_untrapped, uniq_terence
D:4:      layout_cave_pools, vehumet_statue, uniq_edmund
D:5:      layout_cave_pods, serial_bayou_ford_a, uniq_duvessa, uniq_ijyb
D:6:      layout_gridville, minmay_temple_entry_nine_rooms,
          hangedman_decor_peaks_small
D:7:      layout_cave_pools
D:8:      layout_cave_pods, mainiacjoe_overflow_24_doors, david_lair_generic,
          uniq_maggie
D:9:      layout_small_grid, mainiacjoe_overflow_alcove_4, marbit_many_paths,
          uniq_erica
D:10:     layout_loops_ring, grunt_temple_overflow_opulence,
          nzn_wu_jian_contemplation, orc_0_dummy
Temple:   hellmonk_temple_flake
Lair:1:   layout_regular_city, ebering_ghost_funeral_grove, beast_lair_carwin_1,
          lemuel_fruit_fields, infiniplex_staircase_pool
Lair:2:   dreamdust_isle_of_ice, layout_regular_city,
          minmay_shoals_entry_beasts, ebering_ghost_xom,
          dreamdust_gnoll_shepherd, uniq_prince_ribbit2
Lair:3:   layout_roguey, hellmonk_spider_entry_not_the_bees,
          chequers_serial_rivers_micro_a, grunt_megastairs_1,
          infiniplex_staircase_pool_2

Skill      XL: |  1  2  3  4  5  6  7  8  9 10 11 12 |
---------------+-------------------------------------+-----
Spellcasting   | 3 4 5 6 8 9 11 12 | 12.0
Earth Magic    | 4 5 |  5.0
Conjurations   | 1 3 4 5 6 |  6.1
Air Magic      | 1 2 4 6 |  6.0
Ice Magic      | 1 2 4 6 7 8 |  8.7
Invocations    | 2 5 7 8 |  8.9
Summonings     | 3 7 11 | 11.0
Translocations | 3 6 |  6.4
Armour         | 1 4 |  4.0
Dodging        | |  2.4
Stealth        | |  1.4
Transmutations | |  1.2

Action                   |  1- 3 |  4- 6 |  7- 9 | 10-12 | 13-15 || total
-------------------------+-------+-------+-------+-------+-------++-------
Melee: Spear             |       |     5 |     1 |     4 |       ||    10
Throw: Throwing net      |       |       |     1 |       |       ||     1
 Cast: Sandblast         |    19 |    52 |    31 |    72 |       ||   174
       Stone Arrow       |       |    13 |    30 |    63 |     2 ||   108
       Passwall          |       |       |     4 |     1 |       ||     5
       Freezing Cloud    |       |       |       |    16 |     1 ||    17
       Summon Forest     |       |       |       |    10 |       ||    10
       Summon Cactus Gia |       |       |       |     5 |       ||     5
Evoke: Wand              |       |       |       |     3 |       ||     3
  Use: Scroll            |       |     4 |     1 |    13 |       ||    18
 Stab: Paralysed         |       |       |       |     1 |       ||     1
Armor: Robe              |     4 |     5 |     3 |     5 |       ||    17
       Leather armour    |       |       |       |     3 |     1 ||     4
Dodge: Dodged            |     3 |    20 |    10 |    24 |     1 ||    58
